 Dungeon Crawl Stone Soup version 0.24.0-123-gd5b16e6ec5 (webtiles) character file.

Game seed: 7619520119692387594, levelgen mode: deterministic

53 ploerhuhn the Poker (level 3, -3/28 HPs)
             Began as a Merfolk Gladiator on Feb 10, 2020.
             Killed from afar by Sigmund (13 damage)
             ... with a puff of flame
             ... on level 2 of the Dungeon on Feb 12, 2020.
             The game lasted 00:05:17 (1475 turns).

ploerhuhn the Poker (Merfolk Gladiator)             Turns: 1475, Time: 00:05:18

Health: -3/28      AC:  4    Str: 15    XL:     3   Next: 89%
Magic:  3/3        EV: 15    Int:  7    God:
Gold:   68         SH:  0    Dex: 20    Spells: 2/2 levels left

rFire    . . .     SeeInvis +   a - +0 trident
rCold    . . .     Gourm    .   (no shield)
rNeg     . . .     Faith    .   b - +0 leather armour
rPois    .         Spirit   .   c - +0 helmet
rElec    .         Reflect  .   (no cloak)
rCorr    .         Harm     .   (no gloves)
MR       .....                  (no boots)
Stlth    ++........             (no amulet)
HPRegen  0.09/turn              q - +5 ring of dexterity
MPRegen  0.08/turn              t - ring of see invisible

@: no status effects
A: change form in water, swift swim, stealthy swim
a: no special abilities


You were on level 2 of the Dungeon.
You were not hungry.

You visited 1 branch of the dungeon, and saw 2 of its levels.

You collected 68 gold pieces.

Inventory:

Hand Weapons
 a - a +0 trident (weapon)
Missiles
 d - 3 throwing nets (quivered)
Armour
 b - a +0 leather armour (worn)
 c - a +0 helmet (worn)
Jewellery
 q - a +5 ring of dexterity (left hand)
 r - an uncursed ring of positive energy
 s - an uncursed ring of fire
 t - a ring of see invisible (right hand)
Scrolls
 g - a scroll of random uselessness {unknown}
 h - a scroll of immolation {unknown}
 k - 2 scrolls of fear {unknown}
 l - a scroll of enchant armour {unknown}
 m - 3 scrolls of identify {unknown}
 p - a scroll of blinking {unknown}
 u - a scroll of amnesia {unknown}
Potions
 e - 2 potions of might {unknown}
 i - a potion of resistance {unknown}
 j - a potion of lignification {unknown}
 n - a potion of berserk rage {unknown}
 o - 3 potions of brilliance {unknown}
Comestibles
 f - a ration


   Skills:
 + Level 2.7 Fighting
 + Level 5.5 Polearms
 + Level 2.1 Throwing
 + Level 0.1 Armour
 + Level 4.7 Dodging
 + Level 0.2 Stealth


You had 2 spell levels left.
You didn't know any spells.
Your spell library was empty.

Dungeon Overview and Level Annotations

Branches:
Dungeon (2/15)

Altars:
Nemelex Xobeh

Annotations:
D:2 Sigmund


Message History

You barely miss Sigmund.
Sigmund points at you and mumbles some strange words.
You resist with significant effort.
You barely miss Sigmund. Sigmund misses you.
You hit Sigmund.
Sigmund is lightly wounded.
Sigmund hits you but does no damage.
You hit Sigmund.
Sigmund is moderately wounded.
Sigmund misses you.
You closely miss Sigmund.
Sigmund is moderately wounded.
You barely miss Sigmund.
Sigmund is moderately wounded.
Sigmund hits you with a +0 scythe!
You hit Sigmund but do no damage.
Sigmund is moderately wounded.
Sigmund points at you and mumbles some strange words.
The puff of flame hits you!
You die...

#.########.######.
#.# #........ #.#
####..... #.#
#).... #.#
#######..... #.#
#......[.... #.#
#........... #.#
#........... #@#
#.......###.
#.@..##.......# ##
####.##.......#
##.......#
######### # #


You could see Sigmund.

Vanquished Creatures
  An adder (D:2)
  2 oozes
  A dart slug (D:1)
  2 leopard geckos
  3 giant cockroaches
  5 hobgoblins
  A quokka (D:2)
  2 ball pythons (D:1)
  3 bats (D:1)
  2 frilled lizards (D:1)
  3 goblins
  4 kobolds (D:1)
  8 rats
37 creatures vanquished.

Notes
Turn   | Place    | Note
-------+----------+-------------------------------------------
     0 | D:1      | ploerhuhn the Merfolk Gladiator began the quest for the
                  | Orb.
     0 | D:1      | Reached XP level 1. HP: 16/16 MP: 1/1
   118 | D:1      | Reached XP level 2. HP: 22/22 MP: 2/2
   357 | D:1      | Reached skill level 5 in Polearms
   679 | D:1      | Reached XP level 3. HP: 28/28 MP: 3/3
   858 | D:2      | Found a sparkling altar of Nemelex Xobeh.
  1455 | D:2      | Noticed Sigmund
  1475 | D:2      | Killed from afar by Sigmund

Levels and vault maps discovered:
D:1:      roderic_dead_forest, layout_loops_ring, fountainhead,
          due_unseen_surprise
D:2:      layout_basic, nemelex_xobeh_ov_fountains_minmay,
          nicolae_overflow_hidden_temple, uniq_sigmund

Skill      XL: |  1  2 |
---------------+-------+-----
Polearms       | 5 |  5.5
Fighting       | |  2.7
Throwing       | |  2.1
Armour         | |  0.1
Dodging        | |  4.7
Stealth        | |  0.2

Action                   || total
-------------------------++-------
Melee: Trident           ||   114
 Stab: Sleeping          ||     1
  Eat: Ration            ||     1
       Chunk             ||     1
Armor: Leather armour    ||    12
Dodge: Dodged            ||    58
